 Dungeon Crawl Stone Soup version 0.26-a0-661-g406de6ba63 (webtiles) character file.

Game seed: 1988984245546663969

2651 Lavandula the Caller (level 9, -10/57 HPs)
             Began as a Demonspawn Air Elementalist on Oct 9, 2020.
             Was an Elder of Sif Muna.
             Mangled by a two-headed ogre
             ... wielding a +0 giant club
              (12 damage)
             ... on level 8 of the Dungeon.
             The game lasted 00:25:52 (8348 turns).

Lavandula the Caller (Demonspawn Air Elementalist)  Turns: 8348, Time: 00:25:52

Health: -10/57     AC: 12    Str: 15    XL:     9   Next: 36%
Magic:  17/17      EV: 12    Int: 19    God:    Sif Muna [****..]
Gold:   502        SH:  0    Dex: 14    Spells: 4/19 levels left

rFire    + + .     SeeInvis .   n - +0 dagger (venom)
rCold    + . .     Faith    +   (no shield)
rNeg     . . .     Spirit   .   x - +2 leather armour {rF+}
rPois    .         Reflect  .   (no helmet)
rElec    .         Harm     .   t - +2 cloak
rCorr    +         Rampage  .   a - +0 pair of gloves of Kangel {+Fly} (curse)
MR       .....                  g - +0 pair of boots "Xohusm" {rC+ rCorr} (curse)
Stlth    ++........             A - amulet of faith
HPRegen  0.19/turn              F - +6 ring of strength
MPRegen  0.15/turn              (no ring)

@: no status effects
A: slimy green scales 1, fire resistance 1, spiny 3
a: Channel Magic, Forget Spell, Divine Exegesis, Renounce Religion, Evoke Flight


You were on level 8 of the Dungeon.
You worshipped Sif Muna.
Sif Muna was greatly pleased with you.
You visited 1 branch of the dungeon, and saw 8 of its levels.

You collected 592 gold pieces.
You spent 90 gold pieces at shops.

Inventory:

Hand Weapons
 k - a +1 hunting sling of freezing
 n - a +0 dagger of venom (weapon)
 w - a +1 vampiric whip
 y - a +4 short sword
 C - a +3 short sword of freezing
 I - a +3 great sword
 J - a +2 spear of freezing
Missiles
 v - 30 poisoned darts (quivered)
Armour
 a - the cursed +0 pair of gloves of Kangel (worn) {+Fly}
   (You found it on level 7 of the Dungeon)

   It lets you fly.
   It has a curse placed upon it.
 g - the cursed +0 pair of boots "Xohusm" (worn) {rC+ rCorr}
   (You found it on level 7 of the Dungeon)

   It protects you from cold.
   It provides partial protection from all sources of acid and corrosion.
   It has a curse placed upon it.
 q - a +1 pair of gloves
 t - a +2 cloak (worn)
 x - a +2 leather armour of fire resistance (worn)
Jewellery
 c - an uncursed ring of magical power
 m - an uncursed ring of ice
 u - an uncursed amulet of guardian spirit
 A - an amulet of faith (around neck)
 F - a +6 ring of strength (left hand)
 G - an uncursed amulet of the acrobat {unknown}
Wands
 D - a wand of polymorph (4)
Scrolls
 b - 4 scrolls of teleportation
 f - 2 scrolls of blinking {unknown}
 h - a scroll of enchant weapon
 i - a scroll of magic mapping {unknown}
 z - 3 scrolls of fog
Potions
 d - 2 potions of heal wounds
 e - 2 potions of magic
 j - 2 potions of haste {unknown}
 l - 4 potions of might
 o - 4 potions of curing
 p - 2 potions of lignification {unknown}
 r - a potion of flight {unknown}
 s - 2 potions of brilliance {unknown}
 B - 2 potions of ambrosia {unknown}
 E - a potion of berserk rage {unknown}
 H - 2 potions of resistance {unknown}


   Skills:
 - Level 3.9 Short Blades
 - Level 1.1 Throwing
 - Level 1.7 Dodging
 - Level 1.7 Stealth
 - Level 5.5 Spellcasting
 - Level 3.8 Conjurations
 - Level 7.0 Summonings
 - Level 6.5 Air Magic


You had 4 spell levels left.
You knew the following spells:

 Your Spells              Type           Power        Failure   Level
a - Shock                 Conj/Air       ###.         1%          1
b - Static Discharge      Conj/Air       ###.....     5%          3
c - Swiftness             Air            ####....     1%          2
d - Airstrike             Air            ####......   10%         4
e - Summon Lightning Spi  Summ/Air       ####....     9%          4
g - Apportation           Tloc           #.....       14%         1

Your spell library contained the following spells:

 Spells                   Type           Power        Failure   Level
 Summon Small Mammal      Summ           ####         1%          1
 Call Imp                 Summ           ####....     1%          2
 Call Canine Familiar     Summ           ####....     2%          3
 Summon Guardian Golem    Hex/Summ       ###.....     11%         3
 Animate Skeleton         Necr           #.....       14%         1
 Corona                   Hex            #......      14%         1
 Summon Ice Beast         Ice/Summ       ###.....     34%         4
 Lightning Bolt           Conj/Air       ###.......   43%         5


Dungeon Overview and Level Annotations

Branches:
Dungeon (8/15)             Temple (0/1) D:4
   Lair: D:8-11

Altars:
Cheibriados
Fedhas
Gozag
Hepliaklqana
Okawaru
Qazlal
Sif Muna
Xom
Yredelemnul
Zin
The Shining One

Shops:
D:6 =   D:8 (

Annotations:
D:5 1 runed translucent door, fly's ghost, amateur TrTm
D:7 1 runed translucent door, Djamper's ghost, novice TrBe


Innate Abilities, Weirdness & Mutations

You are partially covered in slimy green scales. (AC +2)
Your flesh is heat resistant. (rF+)
You are completely covered in sharp spines.


Message History

Ouch! That really hurt!
The two-headed ogre hits you with a +0 giant spiked club!
* * * LOW HITPOINT WARNING * * *
The two-headed ogre looks more healthy.
You see here a +0 club.
Okay, then.
Unknown command.
Okay, then.
Unknown command.
Evoke which item? (* to show all) (? for menu, Esc to quit)
Okay, then.
Unknown command.
You see here a +0 whip.
There is an entrance to Wiohuij's Antique Weapon Boutique here.
You feel much better.
You see here a +0 club.
The two-headed ogre hits you with a +0 giant club!!
* * * LOW HITPOINT WARNING * * *
The two-headed ogre hits you with a +0 giant spiked club!
You die...

..#..########.#.#.##.#
...........)..#...<..#
.###.#)#######.####
#..)# #...#
#.#####.∩.# ###.#
.........)#### (#
#.#.####.)...# #
###O....# #..@....# #
#.#.....#
#.##.##.#.....#
...........####
##.##.##.##.#
......##.##.#
.........# .#
##.....### .# ##....
.#


You could see a two-headed ogre.

Vanquished Creatures
  2 black bears (D:7)
  A sky beast (D:5)
  3 ogres
  A phantom (D:5)
  A centaur (D:6)
  6 bullfrogs
  4 scorpions
  6 wights
  A howler monkey (D:4)
  A bullfrog zombie (D:6)
  6 hounds
  4 orc priests
  5 orc wizards
  A bullfrog skeleton (D:4)
  An iguana (D:4)
  6 worker ants
  A hound skeleton (D:4)
  A worker ant zombie (D:7)
  Robin (D:3)
  2 howler monkey zombies
  4 gnolls (D:3)
  13 adders
  An ufetubus (D:5)
  2 oozes
  3 adder skeletons
  6 worms
  3 dart slugs (D:2)
  4 leopard geckos
  37 orcs
  5 giant cockroaches
  20 goblins
  8 hobgoblins
  3 jackals (D:6)
  4 kobolds
  4 quokkas
  3 bats
  A frilled lizard (D:1)
  A jackal skeleton (D:5)
  A quokka zombie (D:5)
  2 rats
179 creatures vanquished.

Notes
Turn   | Place    | Note
-------+----------+-------------------------------------------
     0 | D:1      | Lavandula the Demonspawn Air Elementalist began the quest
                  | for the Orb.
     0 | D:1      | Reached XP level 1. HP: 13/13 MP: 3/3
   541 | D:2      | Reached skill level 1 in Throwing
   592 | D:2      | Gained mutation: You are partially covered in slimy green
                  | scales. (AC +2) [demonic ancestry]
   592 | D:2      | Reached XP level 2. HP: 19/19 MP: 0/5
   837 | D:2      | Reached XP level 3. HP: 24/24 MP: 4/6
   842 | D:2      | Learned a level 3 spell: Static Discharge
  1255 | D:2      | Reached XP level 4. HP: 26/30 MP: 4/7
  1482 | D:2      | Learned a level 2 spell: Swiftness
  1516 | D:2      | Found Zin's Purification Station.
  1519 | D:2      | Found a glowing silver altar of Zin.
  1522 | D:2      | Bought a potion of curing for 90 gold pieces
  1853 | D:2      | Found a shimmering blue altar of Sif Muna.
  1857 | D:2      | Found a hazy altar of Hepliaklqana.
  1857 | D:2      | Found a basalt altar of Yredelemnul.
  1864 | D:2      | Became a worshipper of Sif Muna the Loreminder
  1885 | D:2      | Found an iron altar of Okawaru.
  1889 | D:2      | Found a blossoming altar of Fedhas.
  2408 | D:3      | Found a stormy altar of Qazlal.
  2450 | D:3      | Noticed Robin
  2453 | D:3      | Gained mutation: You are partially covered in sharp spines.
                  | [demonic ancestry]
  2453 | D:3      | Reached XP level 5. HP: 35/35 MP: 5/9
  2468 | D:3      | Killed Robin
  2481 | D:3      | Learned a level 4 spell: Airstrike
  2665 | D:3      | Reached * piety under Sif Muna
  3296 | D:3      | Found a glowing golden altar of the Shining One.
  3347 | D:4      | Found a staircase to the Ecumenical Temple.
  3439 | D:4      | Gained mutation: You are mostly covered in sharp spines.
                  | [demonic ancestry]
  3439 | D:4      | Reached XP level 6. HP: 39/41 MP: 4/12
  3682 | D:4      | Reached skill level 1 in Short Blades
  3774 | D:5      | Entered Level 5 of the Dungeon
  4087 | D:5      | Gained mutation: Your flesh is heat resistant. (rF+)
                  | [demonic ancestry]
  4087 | D:5      | Reached XP level 7. HP: 40/46 MP: 8/13
  4139 | D:5      | Reached ** piety under Sif Muna
  4457 | D:5      | Found a runed translucent door.
  4639 | D:5      | Noticed fly's ghost (amateur TrTm)
  4789 | D:4      | Reached skill level 5 in Air Magic
  5173 | D:4      | Gained mutation: You are completely covered in sharp
                  | spines. [demonic ancestry]
  5173 | D:4      | Reached XP level 8. HP: 49/52 MP: 14/14
  5211 | D:4      | Reached *** piety under Sif Muna
  5645 | D:6      | Learned a level 4 spell: Summon Lightning Spire
  5664 | D:6      | Reached skill level 1 in Summonings
  5711 | D:6      | Reached skill level 2 in Summonings
  5859 | D:6      | Reached skill level 3 in Summonings
  5884 | D:6      | Reached skill level 4 in Summonings
  6027 | D:6      | Found a snail-covered altar of Cheibriados.
  6116 | D:6      | Reached skill level 5 in Summonings
  6539 | D:6      | Found Cunel's Jewellery Shop.
  6612 | D:6      | Reached skill level 6 in Summonings
  7174 | D:7      | Reached XP level 9. HP: 57/57 MP: 15/15
  7215 | D:7      | Got a pair of ichor-stained gloves
  7226 | D:7      | Identified the cursed +0 pair of gloves of Kangel {+Fly}
                  | (You found it on level 7 of the Dungeon)
  7346 | D:7      | Got a pair of distressingly furry boots
  7352 | D:7      | Identified the cursed +0 pair of boots "Xohusm" {rC+ rCorr}
                  | (You found it on level 7 of the Dungeon)
  7474 | D:7      | Found a runed translucent door.
  7475 | D:7      | Found a shimmering altar of Xom.
  7475 | D:7      | Noticed Djamper's ghost (novice TrBe)
  7475 | D:7      | Noticed a +1 trident of chaos
  7500 | D:7      | Learned a level 1 spell: Apportation
  7580 | D:7      | Found an opulent altar of Gozag.
  7618 | D:7      | Reached skill level 7 in Summonings
  7942 | D:7      | Reached skill level 5 in Spellcasting
  8210 | D:8      | Found Wiohuij's Antique Weapon Boutique.
  8211 | D:8      | Reached **** piety under Sif Muna
  8304 | D:8      | Noticed a two-headed ogre
  8348 | D:8      | HP: 2/57 [two-headed ogre/+0 giant club (22)]
  8348 | D:8      | Mangled by a two-headed ogre

Illustrated notes

Levels and vault maps discovered:
D:1:      onia_arrival_pentagram, layout_loops_ring, supply_closet_lemuel
D:2:      layout_loops_cross, minmay_overflow_temple_star_hex, zin_purify,
          serial_co_window_serial, co_window_of_opportunity_a,
          co_window_paths_b, co_window_of_opportunity_a, co_window_corner_a,
          co_window_corner_a, co_window_of_opportunity_a, co_window_paths_b,
          co_window_broadway_a, co_window_corner_ca, co_window_broadway_b,
          co_window_paths_c, co_window_2corner, glass_columns_a,
          glass_columns_c, glass_columns_a, glass_columns_b, glass_columns_b,
          minmay_small_reverse_x
D:3:      layout_rooms, grunt_qazlal_clouds, lemuel_doored_altar, uniq_robin
D:4:      layout_basic, minmay_temple_entry_overgrown, hangedman_decor_opposing
D:5:      layout_basic, ebering_ghost_sewer_d
D:6:      layout_basic, nicolae_overflow_crystal_walls, serial_shops,
          nicolae_shop_crystal, st_stairs_1, chequers_serial_rivers_micro_b
D:7:      layout_basic, ebering_ghost_xom, grunt_gozag_statues
D:8:      layout_loops_cross, serial_shops, shop_coins

Skill      XL: |  1  2  3  4  5  6  7  8  9 |
---------------+----------------------------+-----
Throwing       | 1 |  1.1
Conjurations   | 3 |  3.8
Air Magic      | 3 4 5 6 |  6.5
Spellcasting   | 4 5 |  5.5
Short Blades   | 3 |  3.9
Summonings     | 6 7 |  7.0
Dodging        | |  1.7
Stealth        | |  1.7

Action                   |  1- 3 |  4- 6 |  7- 9 || total
-------------------------+-------+-------+-------++-------
Melee: Dagger            |     3 |    78 |   147 ||   228
Throw: Dart              |    25 |    63 |    53 ||   141
 Cast: Shock             |    39 |    72 |    84 ||   195
       Airstrike         |       |       |     2 ||     2
       Static Discharge  |       |       |     3 ||     3
       Summon Lightning  |       |       |     1 ||     1
  Use: Scroll            |       |       |     7 ||     7
       Potion            |       |       |     1 ||     1
 Stab: Sleeping          |     1 |     1 |     4 ||     6
Armor: Robe              |     2 |    18 |    11 ||    31
       Leather armour    |       |       |    38 ||    38
Dodge: Dodged            |     7 |    53 |    69 ||   129

Table legend: (Time is in decaauts)
 A = Elapsed time spent in this place.
 B = Non-inter-level travel time spent in this place.
 C = Inter-level travel time spent in this place.
 D = Time resting spent in this place.
 E = Time spent auto-exploring this place.
 F = Levels seen in this place.
 G = Mean time per level.
                   A        B        C        D        E       F      G
               +--------+--------+--------+--------+--------+-----+--------+
         Total |   8313 |   8009 |    304 |    598 |   5754 |   8 | 1039.1 |
       Dungeon |   8313 |   8009 |    304 |    598 |   5754 |   8 | 1039.1 |
               +--------+--------+--------+--------+--------+-----+--------+

Top non-repeatable levels by time:
     D:2: 1805 daAuts
     D:6: 1569 daAuts
     D:4: 1136 daAuts
     D:7: 1075 daAuts
     D:3: 1073 daAuts
     D:5: 1041 daAuts
     D:1: 465 daAuts
     D:8: 146 daAuts
